 Dungeon Crawl Stone Soup version 0.29.1-2-gbd0b4ee654 (webtiles) character file.

Game seed: 16263530987492863238

55 GeoRichter the Sneak (level 3, 0/21 HPs)
             Began as a Vampire Brigand on Nov 13, 2022.
             Slain by a hobgoblin (1 damage)
             ... on level 2 of the Dungeon.
             The game lasted 00:02:22 (1373 turns).

GeoRichter the Sneak (Vampire Brigand)              Turns: 1373, Time: 00:02:22

Health: 0/21       AC:  3    Str: 10    XL:     3   Next: 67%
Magic:  3/3        EV: 12    Int: 13    God:
Gold:   63         SH:  0    Dex: 23    Spells: 2/2 levels left

rFire   . . .      SeeInvis +   a - +2 dagger
rCold   + + .      Faith    .   (no shield)
rNeg    + + +      Spirit   .   b - +0 robe
rPois   ∞          Reflect  .   (no helmet)
rElec   .          Harm     .   c - +0 cloak
rCorr   .          Rampage  .   (no gloves)
Will    .....                   (no boots)
Stlth   ++++++....              (no amulet)
HPRegen 0.00/turn               g - +6 ring of dexterity
MPRegen 0.08/turn               (no ring)

@: bloodless, inhibited regen
A: bloodless, fangs 3, see invisible, vampiric 2
a: Bat Form, Revivify


You were on level 2 of the Dungeon.
You visited 1 branch of the dungeon, and saw 2 of its levels.

You collected 63 gold pieces.

Inventory:

Hand Weapons
 a - a +2 dagger (weapon)
Missiles
 d - 12 poisoned darts (quivered)
 e - 3 curare-tipped darts {!f}
Armour
 b - a +0 robe (worn)
 c - a +0 cloak (worn)
 h - a +0 pair of boots
   (You found it on level 1 of the Dungeon)
Jewellery
 g - a +6 ring of dexterity (left hand)
   (You found it on level 1 of the Dungeon)
Scrolls
 f - 4 scrolls of identify {unknown}
 j - a scroll of brand weapon {unknown}
 l - 2 scrolls of teleportation {unknown}
 n - a scroll of noise {unknown}
 o - a scroll of acquirement {unknown}
 p - a scroll of immolation {unknown}
 q - a scroll of summoning {unknown}
Potions
 i - a potion of haste {unknown}
 k - a potion of might {unknown}
 m - a potion of attraction {unknown}


   Skills:
 - Level 1.7 Fighting
 + Level 3.5 Short Blades
 - Level 1.5 Throwing
 - Level 1.1 Dodging
 + Level 7.1 Stealth


You had 2 spell levels left.
You didn't know any spells.
Your spell library was empty.

Dungeon Overview and Level Annotations

Branches:
Dungeon (2/15) Zot: 10640

Altars:


Innate Abilities, Weirdness & Mutations

You do not regenerate when monsters are visible.
You are frail without blood (-20% HP).
You can heal yourself when you bite living creatures.
You are immune to poison.
You have razor-sharp teeth.
You have supernaturally acute eyesight. (SInv)
You are afflicted with vampirism and can become a bat while bloodless.


Message History

You now have 63 gold pieces (gained 7).
Found an arbalest.
Found a stone staircase leading down.
You open the door.
There is an open door here.
You open the door.
A hobgoblin and 4 goblins come into view.
There is an open door here.
The helpless goblin fails to defend itself.
You bite the goblin, and draw its blood!
You perforate the goblin like a sieve!!!
You kill the goblin!
The goblin shouts! x3; The hobgoblin shouts! x2
A hobgoblin breaks down the door.
A goblin breaks down the door.
The goblin completely misses you.
The hobgoblin shouts! x2
You hit the goblin.
You kill the goblin!
The goblin misses you. The hobgoblin misses you.
The goblin hits you with a +0 club.
You barely miss the hobgoblin.
The hobgoblin hits you but does no damage.
The goblin hits you but does no damage.
The hobgoblin hits you but does no damage.
You hit the hobgoblin but do no damage. The hobgoblin hits you.
The goblin closely misses you. The hobgoblin hits you.
The goblin hits you with a +0 club. The hobgoblin closely misses you.
You hit the goblin.
You kill the goblin!
The hobgoblin misses you. The goblin hits you but does no damage.
The goblin hits you with a +0 dagger. The hobgoblin barely misses you.
You barely miss the hobgoblin.
You bite the hobgoblin, but do no damage.
You hit the hobgoblin.
The hobgoblin hits you but does no damage.
The goblin barely misses you. The hobgoblin barely misses you.
The hobgoblin hits you.
* * * LOW HITPOINT WARNING * * *
The goblin hits you but does no damage. The goblin closely misses you.
You barely miss the hobgoblin. The goblin misses you. The hobgoblin hits you.
* * * LOW HITPOINT WARNING * * *
The hobgoblin hits you.
* * * LOW HITPOINT WARNING * * *
The goblin hits you with a +0 club.
* * * LOW HITPOINT WARNING * * *
The goblin misses you. The hobgoblin closely misses you.
You closely miss the hobgoblin. You bite the hobgoblin.
You kill the hobgoblin!
The hobgoblin hits you.
You die...

# #... .#
###...##### #### ..
..........### ....
.# #........## .....
.
.....#'#..#..##.....
... ##.##.##.>......
. #...#...#.#.....
####)####.........
#.#g@g#.##...#.###
#..'ggg'..#...#
##.#.gg#.##...# #
####+####....#.#
#...#..#.#
##.##...)...
...###..##...#....
#...........#####
#.######......#


You could see 4 hobgoblins and 3 goblins.

Vanquished Creatures
  A gnoll (D:1)
  2 dart slugs (D:1)
  4 ball pythons
  6 bats (D:1)
  4 endoplasms (D:1)
  5 goblins
  3 hobgoblins
  3 jackals (D:1)
  3 frilled lizards (D:1)
  2 kobolds
  7 rats (D:1)
40 creatures vanquished.

Notes
Turn   | Place    | Note
-------+----------+-------------------------------------------
     0 | D:1      | GeoRichter the Vampire Brigand began the quest for the Orb.
     0 | D:1      | Reached XP level 1. HP: 16/16 MP: 1/1
    43 | D:1      | Reached skill level 6 in Stealth
   166 | D:1      | Reached XP level 2. HP: 5/17 MP: 2/2
   524 | D:1      | Gained mutation: You are afflicted with vampirism and can
                  | become a bat while bloodless. [Vampire growth]
   524 | D:1      | Reached XP level 3. HP: 10/21 MP: 3/3
   928 | D:1      | Reached skill level 7 in Stealth
  1372 | D:2      | HP: 1/21 [goblin/+0 club (2)]
  1373 | D:2      | Slain by a hobgoblin

Illustrated notes

Levels and vault maps discovered:
D:1:      spicycebolla_arrival_ecumenical, layout_rooms
D:2:      cheibrodos_greedy_goblins, layout_basic, serial_shops, shop,
          dk_vineyard_1

Skill      XL: |  1  2  3 |
---------------+----------+-----
Stealth        | 6 7 |  7.1
Short Blades   | 3 |  3.5
Fighting       | |  1.7
Throwing       | |  1.5
Dodging        | |  1.1

Action                   || total
-------------------------++-------
Melee: Dagger            ||    94
       Bite              ||    19
       Punch             ||     1
 Abil: Exsanguinate      ||     1
 Stab: Sleeping          ||    12
Armor: Robe              ||    31
Dodge: Dodged            ||    66
